 Dungeon Crawl Stone Soup version 0.23.0-3-gf3c87f2 (webtiles) character file.

Game seed: 13399795501444985761

105 Lanoc the Skirmisher (level 4, 0/37 HPs)
             Began as a Demonspawn Monk on Feb 24, 2019.
             Succumbed to an adder's poison
             ... on level 2 of the Dungeon.
             The game lasted 00:03:21 (1453 turns).

Lanoc the Skirmisher (Demonspawn Monk)              Turns: 1453, Time: 00:03:21

Health: 0/37       AC:  6    Str: 17 (19) XL:     4   Next: 54%
Magic:  4/4        EV: 13    Int: 18      God:
Gold:   83         SH:  0    Dex: 14 (16) Spells: 3/3 levels left

rFire    . . .     SeeInvis .   n - +0 long sword
rCold    + . .     Gourm    .   (no shield)
rNeg     . . .     Faith    .   b - +0 robe
rPois    .         Spirit   .   (no helmet)
rElec    .         Reflect  .   (no cloak)
rCorr    .         Harm     .   (no gloves)
MR       .....     Clarity  +   (no boots)
Stlth    ++........             (no amulet)
HPRegen  0.12/turn              (no ring)
MPRegen  0.09/turn              (no ring)

@: mighty, brilliant, lethally poisoned (0 -> -4)
A: icy blue scales 3, clarity, clever 1, strong 1
a: no special abilities


You were on level 2 of the Dungeon.
You were not hungry.

You visited 1 branch of the dungeon, and saw 2 of its levels.

You collected 83 gold pieces.

Inventory:

Hand Weapons
 n - a +0 long sword (weapon)
Armour
 b - a +0 robe (worn)
Jewellery
 l - an uncursed amulet of faith {unknown}
Scrolls
 d - 3 scrolls of identify {unknown}
 f - 2 scrolls of fear {unknown}
 g - 3 scrolls of teleportation {unknown}
 h - a scroll of magic mapping {unknown}
 j - a scroll of blinking {unknown}
 k - a scroll of fog {unknown}
Comestibles
 a - 2 chunks of flesh
 c - 5 rations


   Skills:
 + Level 3.7 Fighting
 * Level 3.4 Long Blades
 + Level 1.5 Armour
 + Level 3.3 Dodging
 - Level 1.7 Stealth


You had 3 spell levels left.
You didn't know any spells.
Your spell library was empty.

Dungeon Overview and Level Annotations

Branches:
Dungeon (2/15)

Altars:


Innate Abilities, Weirdness & Mutations

You are completely covered in icy blue scales. (AC +4, rC+)
You possess an exceptional clarity of mind.
Your mind is acute. (Int +2)
Your muscles are strong. (Str +2)


Message History

The goblin hits you with a +0 dagger.
* * * LOW HITPOINT WARNING * * *
You slash the goblin!
You kill the goblin!
* * * LOW HITPOINT WARNING * * *
You feel sick.
It was a potion of might.
You feel very mighty all of a sudden.
It was a potion of mutation.
You feel extremely strange.
Your thoughts seem clearer.
You feel stronger.
Icy blue scales cover your body completely.
You feel clever.
* * * LOW HITPOINT WARNING * * *
You feel sick.
It was a potion of brilliance.
You feel clever all of a sudden.
* * * LOW HITPOINT WARNING * * *
You feel sick.
You see here a hunting sling.
You die...

.≈≈≈...≈≈≈...^......#
#....
_.≈≈≈≈.........#
.....
≈≈≈≈≈..........#
......
≈≈≈≈≈.≈........#
.....
≈≈≈≈≈≈.........#
.....
≈≈≈≈≈≈.........#
.....
≈.≈.≈≈...).....#
.....
.≈.≈≈...)......#
.....
.......@......##
..... ..............#
..... ..............#
##### ######........#
#........# #........#
##########


There were no monsters in sight!

Vanquished Creatures
  3 adders (D:2)
  2 oozes
  2 worms (D:2)
  4 dart slugs
  2 leopard geckos (D:1)
  A ball python (D:1)
  7 bats
  3 giant cockroaches
  9 goblins
  4 hobgoblins
  4 kobolds
  6 frilled lizards
  11 rats
58 creatures vanquished.

Notes
Turn   | Place    | Note
-------+----------+-------------------------------------------
     0 | D:1      | Lanoc the Demonspawn Monk began the quest for the Orb.
     0 | D:1      | Reached XP level 1. HP: 18/18 MP: 1/1
    84 | D:1      | Gained mutation: You are partially covered in icy blue
                  | scales. (AC +2) [demonic ancestry]
    84 | D:1      | Reached XP level 2. HP: 20/24 MP: 2/2
   192 | D:1      | Reached skill level 1 in Armour
   201 | D:1      | Reached XP level 3. HP: 22/29 MP: 3/3
  1072 | D:2      | Gained mutation: You are mostly covered in icy blue scales.
                  | (AC +3) [demonic ancestry]
  1072 | D:2      | Reached XP level 4. HP: 24/35 MP: 4/4
  1449 | D:2      | Gained mutation: You possess an exceptional clarity of
                  | mind. [potion of mutation]
  1449 | D:2      | Gained mutation: Your muscles are strong. (Str +2) [potion
                  | of mutation]
  1449 | D:2      | Gained mutation: You are completely covered in icy blue
                  | scales. (AC +4, rC+) [potion of mutation]
  1449 | D:2      | Gained mutation: Your mind is acute. (Int +2) [potion of
                  | mutation]
  1451 | D:2      | HP: 1/37 [poisoned by an adder]
  1453 | D:2      | Found a faded altar of an unknown god.
  1453 | D:2      | Succumbed to an adder's poison

Skill      XL: |  1  2  3 |
---------------+----------+-----
Armour         | 1 |  1.5
Dodging        | 3 |  3.3
Long Blades    | 3 |  3.4
Fighting       | |  3.7
Stealth        | |  1.7

Action                   |  1- 3 |  4- 6 || total
-------------------------+-------+-------++-------
Melee: Falchion          |   106 |    18 ||   124
       Long sword        |       |    24 ||    24
  Use: Potion            |     2 |     3 ||     5
 Stab: Sleeping          |    10 |       ||    10
  Eat: Chunk             |     1 |     1 ||     2
Armor: Robe              |    28 |    15 ||    43
Dodge: Dodged            |    55 |    30 ||    85
       Rpst.: Falchion   |    27 |     6 ||    33
       Long sword        |       |     8 ||     8
